 Dungeon Crawl Stone Soup version 0.27-a0-1026-gbab068f60c (webtiles) character file.

Game seed: 16079576663596507829

240 Jannitor the Cutter (level 6, 0/46 HPs)
             Began as a Djinni Warper on Apr 17, 2021.
             Was a Believer of Okawaru.
             Killed by divine providence
             ... invoked by an orc priest
              (16 damage)
             ... on level 3 of the Dungeon on Apr 18, 2021.
             The game lasted 00:06:19 (6199 turns).

Jannitor the Cutter (Djinni Warper)                 Turns: 6199, Time: 00:06:21

Health: 0/46       AC:  3    Str: 10 (11) XL:     6   Next: 8%
Gold:   183        EV: 11    Int: 15      God:    Okawaru [**....] SH:  4 Dex: 13

rFire    + + .     SeeInvis .   a - +0 short sword
rCold    x . .     Faith    .   g - +0 buckler
rNeg     . . .     Spirit   .   b - +0 leather armour
rPois    ∞         Reflect  .   (no helmet)
rElec    .         Harm     .   (no cloak)
rCorr    .         Rampage  .   (no gloves)
Will     .....                  (boots unavailable)
Stlth    ++........             (no amulet)
HPRegen  0.15/turn              (no ring)
MPRegen  0.00/turn              (no ring)

@: flying, very slightly contaminated
A: fire resistance 2, cold vulnerability 1, float, innate caster, hp casting,
extra vitality 1
a: Renounce Religion, Heroism


You were on level 3 of the Dungeon.
You worshipped Okawaru.
Okawaru was pleased with you.
You visited 1 branch of the dungeon, and saw 4 of its levels.
You also visited: Sewer.

You collected 183 gold pieces.

Inventory:

Hand Weapons
 a - a +0 short sword (weapon)
Missiles
 e - 5 boomerangs of dispersal (quivered)
Armour
 b - a +0 leather armour (worn)
 g - a +0 buckler (worn)
Jewellery
 h - a +4 ring of protection
 j - a ring of resist corrosion
 k - a +4 ring of slaying
Wands
 c - a wand of digging (5)
 f - a wand of polymorph (9)
Scrolls
 d - 2 scrolls of blinking
 i - a scroll of identify
 l - a scroll of vulnerability {unknown}
Potions
 n - a potion of magic


   Skills:
 + Level 3.0 Fighting
 * Level 3.3 Short Blades
 - Level 0.7 Throwing
 - Level 1.0 Armour
 - Level 2.1 Dodging
 + Level 1.6 Stealth
 * Level 2.6 Shields
 + Level 3.2 Spellcasting


You couldn't memorise any spells.
You knew the following spells:

 Your Spells              Type           Power      Damage    Failure   Level
a - Blink                 Tloc           N/A        N/A       13%         2
b - Lesser Beckoning      Tloc           6%         N/A       26%         3
c - Gell's Gravitas       Tloc           6%         N/A       26%         3
d - Teleport Other        Tloc           12%        N/A       26%         3
e - Manifold Assault      Tloc           12%        N/A       93%         5
f - Animate Skeleton      Necr           24%        N/A       9%          1
g - Call Imp              Summ           12%        N/A       13%         2
Your spell library was empty.

Dungeon Overview and Level Annotations

Branches:
Dungeon (4/15)              Sewer (visited)
 Temple: D:4-7

Altars:
Okawaru
Qazlal
The Shining One

Annotations:
D:3 1 runed translucent door, Crazy Yiuf


Innate Abilities, Weirdness & Mutations

You are immune to poison.
Your flesh is very heat resistant. (rF++)
You are vulnerable to cold. (rC-)
You float through the air rather than walking.
You learn spells naturally, not from books.
Your magical power is your life essence.
You have superior vitality. (+4 HP)


Message History

The orc priest is moderately wounded.
The orc priest completely misses you.
Things that are here:
a +0 dagger; a goblin corpse
There is a stone staircase leading up here.
You fly upwards.
Level annotation: 1 runed translucent door, Crazy Yiuf
There is a stone staircase leading down here.
Unknown command.
Casting: Call Imp (safe; 13% risk of failure)
Confirm with . or Enter, or press ? or * to list all spells.
You don't know that spell.
Casting: Call Imp (safe; 13% risk of failure)
Confirm with . or Enter, or press ? or * to list all spells.
A beastly little devil appears in a puff of frigid air.
The orc priest calls down the wrath of Beogh upon you.
Beogh smites you!
Casting: Call Imp (safe; 13% risk of failure)
Confirm with . or Enter, or press ? or * to list all spells.
A beastly little devil appears in a puff of flame.
The orc priest hits you with a +0 dagger.
Your white imp hits the orc priest but does no damage.
Casting: Call Imp (safe; 13% risk of failure)
Confirm with . or Enter, or press ? or * to list all spells.
You miscast Call Imp.
You are very lightly contaminated with residual magic.
Nothing appears to happen.
You block the orc priest's attack.
Your white imp gestures at the orc priest.
The puff of frost hits the orc priest but does no damage.
You barely miss the orc priest.
The orc priest is moderately wounded.
The orc priest barely misses you.
Unknown command.
You hit the orc priest but do no damage.
The orc priest is moderately wounded.
Your white imp barely misses the orc priest.
Your crimson imp barely misses the orc priest.
The orc priest invokes the aid of Beogh against you.
Beogh smites you!
You die...

.#..+.+..#.#.#.......# #........#
.#'##.####.###.##.#### #........#
...........##..##.# ##........
.#'##.####.#..###.# #.....<..
.#..#.#..#.#.####.#######........
.#).'.'..#.#.###.................
.####.##+#.#......#######........
...........#.####................
.####.##'#.#.#.o@.#######........
.#..#.#..#.#...55.....###........
.#..+.+.(#.#.####.###......######
.#'##.####.#.# #.####..####
...........#)# #.##...##
.#'##.####.#.# #.#..###
.#..#.#.⌠#.#.# #...##
.#..'.'..#.#.# #####
.####.####.#.#


You could see an orc priest (ally target), a friendly crimson imp (summoned) and
a friendly white imp (summoned).

Vanquished Creatures
  A bullfrog (Sewer)
  A river rat (D:3)
  3 adders
  A worm (D:3)
  2 dart slugs
  10 endoplasms
  10 giant cockroaches
  4 goblins
  7 hobgoblins
  2 jackals (D:2)
  5 quokkas
  8 ball pythons
  12 bats
  9 frilled lizards
  4 kobolds
  4 rats (D:1)
83 creatures vanquished.

Vanquished Creatures (collateral kills)
  A bullfrog (Sewer)
  Ijyb (D:3)
  A giant cockroach (D:3)
  A goblin (D:2)
  A quokka (Sewer)
5 creatures vanquished.

Grand Total: 88 creatures vanquished

Notes
Turn   | Place    | Note
-------+----------+-------------------------------------------
     0 | D:1      | Jannitor the Djinni Warper began the quest for the Orb.
     0 | D:1      | Reached XP level 1. HP: 18/18 MP: 0/0
   228 | D:1      | Reached XP level 2. HP: 22/23 MP: 0/0
   704 | D:1      | Found a faded altar of an unknown god.
   761 | D:1      | Became a worshipper of Warmaster Okawaru
   761 | D:1      | Reached * piety under Okawaru
  1111 | D:1      | Reached XP level 3. HP: 26/28 MP: 0/0
  1111 | D:1      | Learned a level 1 spell: Animate Skeleton
  1731 | D:2      | Reached skill level 1 in Shields
  2468 | D:2      | Reached skill level 1 in Stealth
  2603 | D:2      | Reached XP level 4. HP: 19/34 MP: 0/0
  3363 | D:3      | Found a glowing drain.
  3528 | Sewer    | Entered a sewer
  3829 | Sewer    | Noticed a bullfrog
  3829 | Sewer    | Noticed a bullfrog
  3864 | Sewer    | Upgraded the game from 0.27-a0-998-g4cfe56dd59 to
                  | 0.27-a0-1026-gbab068f60c
  4239 | Sewer    | HP: 1/34 [bullfrog (6)]
  4240 | Sewer    | Killed a bullfrog
  4241 | Sewer    | Reached XP level 5. HP: 1/40 MP: 0/0
  4241 | Sewer    | Learned a level 2 spell: Call Imp
  4564 | Sewer    | Reached ** piety under Okawaru
  4811 | D:3      | Found a stormy altar of Qazlal.
  4864 | D:3      | Noticed Ijyb
  4878 | D:3      | Killed Ijyb
  5063 | D:3      | Reached XP level 6. HP: 29/46 MP: 0/0
  5318 | D:3      | Found a glowing golden altar of the Shining One.
  5686 | D:3      | Found a runed translucent door.
  5687 | D:3      | Noticed Crazy Yiuf
  6199 | D:3      | Killed from afar by an orc priest

Illustrated notes

Levels and vault maps discovered:
D:1:      lemuel_arrival_river_ford, layout_basic, ebering_ecumenical_altar_box
D:2:      layout_basic
D:3:      minmay_door_path, layout_rooms, tso_oasis_becter, lemuel_doored_altar,
          cheibrodos_sewer_entry_sluice, uniq_crazy_yiuf_cottage, uniq_ijyb
D:4:      layout_basic, grunt_temple_overflow_open

Skill      XL: |  1  2  3  4  5 |
---------------+----------------+-----
Short Blades   | 2 3 |  3.3
Shields        | 1 2 |  2.6
Stealth        | 1 |  1.6
Spellcasting   | 3 |  3.2
Fighting       | 3 |  3.0
Throwing       | |  0.7
Armour         | |  1.0
Dodging        | |  2.1

Action                   |  1- 3 |  4- 6 || total
-------------------------+-------+-------++-------
Melee: Short sword       |   177 |   214 ||   391
 Cast: Animate Skeleton  |     6 |    11 ||    17
       Blink             |     1 |       ||     1
       Call Imp          |       |    13 ||    13
Invok: Heroism           |       |     4 ||     4
  Use: Scroll            |       |     6 ||     6
       Potion            |       |     6 ||     6
 Stab: Sleeping          |     1 |     5 ||     6
       Distracted        |       |     1 ||     1
Armor: Leather armour    |    52 |    59 ||   111
Dodge: Dodged            |   117 |   136 ||   253
Block: Buckler           |    25 |    51 ||    76

Table legend: (Time is in decaauts)
 A = Elapsed time spent in this place.
 B = Non-inter-level travel time spent in this place.
 C = Inter-level travel time spent in this place.
 D = Time resting spent in this place.
 E = Time spent auto-exploring this place.
 F = Levels seen in this place.
 G = Mean time per level.
                   A        B        C        D        E       F      G
               +--------+--------+--------+--------+--------+-----+--------+
         Total |   6199 |   6045 |    154 |   1572 |   3589 |   5 | 1239.8 |
       Dungeon |   5061 |   4907 |    154 |    830 |   3434 |   4 | 1265.2 |
         Sewer |   1138 |   1138 |      0 |    742 |    155 |   1 | 1138.0 |
               +--------+--------+--------+--------+--------+-----+--------+

Top non-repeatable levels by time:
     D:3: 1719 daAuts
     D:2: 1680 daAuts
     D:1: 1650 daAuts
   Sewer: 1138 daAuts
     D:4: 10 daAuts
